cohdb
Replays
Latest Replays
All Replays
Popular Replays
Top Player Replays
Match Explorer
How It Works
Community
CoH3 Stats
Reddit
Sign in to upload your games and track your stats! →
Sign in with Steam
Match 25044232
Unlisted
Match 25044232
Overview
Messages
Build Orders
End
Construct Infanterie Kompanie
Selects Mechanized Battlegroup
MG 42 Machine Gun Team
GrW 34 Mortar Team
Grenadier Squad
Grenadier Squad
Construct Panzergrenadier Kompanie
Pak 40 Anti-tank Gun Team
251 Medium Carrier
Selects Raid Package
251 Medium Carrier
Construct Panzer Kompanie
Selects 8 Rad Armored Car
Selects UNKNOWN (2160084)
Panther Heavy Tank
Selects Mobile Repair Stations
Selects Stoßtruppen Assault Package
Pioneer Squad
Stoßtruppen Squad
Sturmpanzer IV Brummbär
Panther Heavy Tank
Selects Zeroing Artillery Barrage
Panzer Officer Quarters
Zeroing Artillery Barrage
Infanterie Officer Quarters
Panther Heavy Tank
soy_migueleitro
oaksanti13
ikersus25
【HAN】X-BURNER
Mishkashmoodle
TidaL
0
0
Comments
sign in to comment!
No comments posted yet!